 Dungeon Crawl Stone Soup version 0.30-b1-2-g02819fbbbe (webtiles) character file.

Game seed: 7584973825209055692

1143 HawkII the Slasher (level 8, 0/62 HPs)
             Began as a Human Fighter on Jan 14, 2024.
             Engulfed by a cloud of flame (29 damage)
             ... on level 7 of the Dungeon.
             The game lasted 00:09:55 (4032 turns).

HawkII the Slasher (Human Fighter)                  Turns: 4032, Time: 00:09:56

Health: 0/62       AC: 12    Str: 16    XL:     8   Next: 64%
Magic:  8/8        EV:  3    Int:  9    God:
Gold:   229        SH: 16    Dex: 15    Spells: 7/7 levels left

rFire   . . .        a - +1 long sword
rCold   . . .        w - +2 kite shield
rNeg    . . .        q - +0 plate armour
rPois   .            (no helmet)
rElec   .            (no cloak)
rCorr   .            (no gloves)
SInv    .            (no boots)
Will    .....        u - amulet of reflection Stlth
                     (no ring)
HPRegen 0.30/turn    (no ring)
MPRegen 0.11/turn

%: reflection
@: marked
A: no striking features
a: no special abilities


You were on level 7 of the Dungeon.
You visited 2 branches of the dungeon, and saw 8 of its levels.

You collected 287 gold pieces.
You spent 58 gold pieces at shops.

Inventory:

Hand Weapons
 a - a +1 long sword (weapon)
 s - a +0 sling
Missiles
 h - 8 poisoned darts
 y - a throwing net (quivered)
Armour
 b - a +0 scale mail
 c - a +0 buckler
 q - a +0 plate armour (worn)
 w - a +2 kite shield (worn)
 A - a +1 scale mail of cold resistance
Jewellery
 j - a +6 ring of intelligence
 m - a +6 ring of intelligence
 t - a ring of ice
 u - an amulet of reflection (around neck)
 v - an amulet of faith
Scrolls
 g - a scroll of torment
 n - a scroll of teleportation
 x - a scroll of fear
 z - a scroll of noise {unknown}
Potions
 d - 2 potions of curing
 f - a potion of degeneration
 i - a potion of brilliance
 l - a potion of heal wounds {unknown}
 o - 2 potions of ambrosia
 p - a potion of mutation {unknown}
 r - a potion of haste


   Skills:
 + Level 5.0 Fighting
 + Level 6.7 Long Blades
 + Level 0.3 Throwing
 + Level 5.4 Armour
 + Level 0.7 Dodging
 + Level 0.7 Stealth
 + Level 4.4 Shields


You had 7 spell levels left.
You didn't know any spells.
Your spell library contained the following spells:

 Spells                   Type           Power      Damage    Failure   Level
 Apportation              Tloc           0%         N/A       100%        1
 Freeze                   Ice            0%         1d3       100%        1
 Shock                    Conj/Air       0%         1d3       100%        1
 Frozen Ramparts          Ice            0%         1d1       100%        3
 Hailstorm                Conj/Ice       0%         3d3       100%        3
 Swiftness                Air            0%         N/A       100%        3
 Airstrike                Air            0%         2d(0-16)  100%        4
 Manifold Assault         Tloc           0%         N/A       100%        4
 Alistair's Intoxication  Tmut/Pois      0%         N/A       100%        5
 Dispersal                Tloc           0%         N/A       100%        6
 Disjunction              Tloc           0%         N/A       100%        8


Dungeon Overview and Level Annotations

Branches:
Dungeon (6/15)             Temple (1/1) D:6

Altars:
Ashenzari
Dithmenos
Hepliaklqana
Kikubaaqudgha
Makhleb
Nemelex Xobeh
Qazlal
Sif Muna
Uskayaw
Wu Jian
Xom
Zin
The Shining One

Shops:
D:4 [*=[

Annotations:
D:3 3 runed translucent doors, Frank's ghost, amateur DsFi; Millikuen's ghost, amateur DsNe; alphacentauri's ghost, weakling DsEn; suse60's ghost, amateur MiGl


Message History

No target in view!
No target in view!
No target in view!
No target in view!
No target in view!
You hear some strange, mumbled words.
Something tries to affect you, but you resist.
The orc throws a boomerang.
You closely miss something. You block something's attack.
The orc priest invokes the aid of Beogh against you.
Something hits you.
The air fills with toxic fumes!
As you read the scroll labelled JIVVAUSH NIOCS, it crumbles to dust.
It was a scroll of poison.
Something hits you but does no damage.
Really read the scroll of immolation? [Y]es or [N]o only, please.
Really read the scroll of immolation?
As you read the scroll of immolation, it crumbles to dust.
The creatures around you are filled with an inner flame!
You hear some strange, mumbled words.
A magic dart appears from out of thin air!
The magic dart hits you but does no damage.
Unknown command.
There are monsters nearby!
There are monsters nearby!
Unknown command.
You hit something.
Flame seeps out of something.
Reactivating autopickup.
You feel a bit more experienced.
The orc wizard explodes!
The fiery explosion engulfs you!!
Ouch! That really hurt!
You hear a shout! x4
Really walk into that cloud of poison gas? [Y]es or [N]o only, please.
Really walk into that cloud of poison gas?
Okay, then.
You're standing in a cloud of flame!
You are engulfed in blazing flames.
You die...

#.≈≈≈.# # .#
#.....# # ##§
+.._..' . §§§
#.....# ##
§o§ #[≈≈≈.#
#o# #.....#
#§#
#+###'#####
#§#
#.........#
#@#
##.######.#
#§# #.# #.#
#§# #.# #.#
#.#.#§#####.#
###.#
#..§§§.....#
#...#
#.#.#########
#.### #[ #.#
# #.# #.#


You could see an orc priest (inner flame) and an orc (inner flame).

Vanquished Creatures
  A vault sentinel (D:7)
  Grinder (D:5)
  A black bear (D:6)
  An ice beast (D:6)
  An ogre (D:6)
  A scorpion (D:6)
  A howler monkey (D:5)
  A hound (D:3)
  A jelly (D:5)
  Terence (D:3)
  2 orc wizards
  5 adders
  A shadow imp (D:6)
  A white imp (D:6)
  3 worms
  2 dart slugs
  10 orcs
  5 endoplasms
  4 giant cockroaches
  5 goblins
  6 hobgoblins
  7 jackals
  A quokka (D:2)
  8 ball pythons
  4 bats
  4 frilled lizards
  6 kobolds
  5 rats
89 creatures vanquished.

Vanquished Creatures (others)
  2 withered plants (D:3)
2 creatures vanquished.

Grand Total: 91 creatures vanquished

Notes
Turn   | Place    | Note
-------+----------+-------------------------------------------
     0 | D:1      | HawkII the Human Fighter began the quest for the Orb.
     0 | D:1      | Reached XP level 1. HP: 18/18 MP: 1/1
    65 | D:1      | Reached XP level 2. HP: 24/24 MP: 2/2
   636 | D:2      | Reached XP level 3. HP: 7/29 MP: 3/3
   906 | D:2      | Reached XP level 4. HP: 35/35 MP: 4/4
  1226 | D:3      | Noticed Frank's ghost (amateur DsFi)
  1226 | D:3      | Found a runed translucent gate.
  1227 | D:3      | Found a runed translucent gate.
  1227 | D:3      | Found a runed translucent gate.
  1227 | D:3      | Noticed suse60's ghost (amateur MiGl)
  1228 | D:3      | Noticed Millikuen's ghost (amateur DsNe)
  1228 | D:3      | Noticed alphacentauri's ghost (weakling DsEn)
  1338 | D:3      | Reached skill level 3 in Long Blades
  1379 | D:3      | Noticed Terence
  1387 | D:3      | Killed Terence
  1388 | D:3      | Reached XP level 5. HP: 23/41 MP: 5/5
  1944 | D:4      | Found Wehu's General Store.
  1959 | D:4      | Found Ynarin's Antique Armour Boutique.
  1960 | D:4      | Found Rilokk's Jewellery Shop.
  1997 | D:4      | Found Rauwut's Armour Emporium.
  2021 | D:4      | Bought a +0 kite shield for 58 gold pieces
  2093 | D:5      | Entered Level 5 of the Dungeon
  2311 | D:5      | Reached XP level 6. HP: 24/48 MP: 6/6
  2526 | D:5      | Noticed Grinder
  2550 | D:5      | Killed Grinder
  2551 | D:5      | Reached skill level 4 in Long Blades
  2551 | D:5      | Reached XP level 7. HP: 55/55 MP: 7/7
  3175 | D:6      | Reached skill level 5 in Long Blades
  3411 | D:6      | Reached skill level 5 in Armour
  3411 | D:6      | Reached XP level 8. HP: 47/61 MP: 8/8
  3855 | D:6      | Found a staircase to the Ecumenical Temple.
  3867 | Temple   | Entered the Ecumenical Temple
  3913 | D:6      | You fall into a shaft and drop 1 floor!
  3913 | D:7      | Found the +18 shield of the Gong {Loud rN+ Will+ rCorr
                  | EV-5}
  3916 | D:7      | Noticed a vault sentinel
  3926 | D:7      | Killed a vault sentinel
  3927 | D:7      | Reached skill level 5 in Fighting
  3927 | D:7      | Reached skill level 6 in Long Blades
  3929 | D:7      | Noticed a vault sentinel
  4006 | D:7      | Found a shimmering altar of Xom.
  4032 | D:7      | Engulfed by a cloud of flame

Illustrated notes

Levels and vault maps discovered:
D:1:      spicycebolla_arrival_ecumenical, layout_loops_ring
D:2:      layout_rooms
D:3:      layout_rooms, gammafunk_ghost_cemetery, minmay_hedge_maze,
          uniq_terence
D:4:      kb_forest_paths, layout_basic, trog_book,
          lemuel_mausoleum_altar_yredelemnul, serial_shops, shop, shop,
          nicolae_stop_n_shop_1, shop, hangedman_decor_riveting, uniq_natasha,
          uniq_sigmund
D:5:      layout_basic, uniq_grinder
D:6:      layout_cave_pods, minmay_temple_entry_hall,
          nicolae_shop_overcharged_wands, uniq_prince_ribbit1
D:7:      layout_loops_ring, mainiacjoe_overflow_six_doors_small,
          mainiacjoe_overflow_concentric_impassable,
          nicolae_overflow_crystal_walls, hellmonk_guarded_unrand_gong
Temple:   nicolae_temple_ecumenical_triangle

Skill      XL: |  1  2  3  4  5  6  7  8 |
---------------+-------------------------+-----
Long Blades    | 3 4 5 6 |  6.7
Fighting       | 4 5 |  5.0
Armour         | 4 5 |  5.4
Shields        | 4 |  4.4
Throwing       | |  0.3
Dodging        | |  0.7
Stealth        | |  0.7

Action                     |  1- 3 |  4- 6 |  7- 9 || total
---------------------------+-------+-------+-------++-------
  Melee: Long sword        |   107 |   156 |    82 ||   345
  Throw: Dart              |       |       |     1 ||     1
         Throwing net      |       |       |     1 ||     1
    Use: Potion            |     1 |     7 |     2 ||    10
         Scroll            |       |     4 |    10 ||    14
   Stab: Held in net/web   |       |       |     1 ||     1
 Armour: Scale mail        |    49 |       |       ||    49
         Plate armour      |       |   156 |    42 ||   198
         Skin              |       |     5 |       ||     5
  Dodge: Dodged            |    49 |    36 |     6 ||    91
  Block: Buckler           |    35 |    30 |       ||    65
         Kite shield       |       |    22 |    36 ||    58
